 Dungeon Crawl Stone Soup version 0.22-a0-460-g49b1da7 (webtiles) character file.

428 DrEnzyme the Insei (level 6, -2/43 HPs)
             Began as an Octopode Wanderer on June 9, 2018.
             Slain by an orc
             ... wielding a +0 whip
              (4 damage)
             ... while paralysed by Grinder
             ... on level 4 of the Dungeon.
             The game lasted 00:15:09 (4361 turns).

DrEnzyme the Insei (Octopode Wanderer)              Turns: 4361, Time: 00:15:09

Health: -2/43      AC:  1    Str: 14    XL:     6   Next: 98%
Magic:  0/9        EV:  2    Int: 15    God:
Gold:   147        SH:  0    Dex: 12    Spells: 5/9 levels left

rFire    + . .     SeeInvis +     - Unarmed
rCold    + . .     Gourm    .   (no shield)
rNeg     + . .     Faith    .   (helmet restricted)
rPois    .         Spirit   +   h - amulet of guardian spirit
rElec    .         Reflect  .   m - ring of positive energy
rCorr    .         Harm     .   p - ring of protection from cold
MR       .....                  o - ring of see invisible
Stlth    +++.......             (no ring)
HPRegen  0.14/turn              (no ring)
MPRegen  0.11/turn              (no ring)
                                (no ring)
                                (no ring)

@: paralysed
A: almost no armour, stealthy swim, amphibious, 8 rings, constrict 8, camouflage
1, fire resistance 1, screaming 1, strong 1, wild magic 1, gelatinous body 1
a: no special abilities


You were on level 4 of the Dungeon.
You were not hungry.

You visited 1 branch of the dungeon, and saw 4 of its levels.

You collected 147 gold pieces.

Inventory:

Hand Weapons
 c - a +2 dagger of venom
 d - a +0 club
 g - a cursed -1 short sword
Missiles
 a - 91 stones
 b - 4 tomahawks (quivered)
Jewellery
 h - an amulet of guardian spirit (around mantle)
 m - a ring of positive energy (left tentacle)
 n - an uncursed amulet of faith
 o - a ring of see invisible (on tentacle)
 p - a ring of protection from cold (right tentacle)
Scrolls
 i - a scroll of identify
Potions
 e - a potion of mutation
 k - a potion of heal wounds {unknown}
 r - a potion of curing
 s - 2 potions of flight {unknown}
 t - a potion of degeneration {unknown}
Comestibles
 f - 8 rations


   Skills:
 + Level 3.7 Fighting
 - Level 1.0 Throwing
 + Level 3.7 Dodging
 - Level 1.3 Stealth
 + Level 3.8 Unarmed Combat
 - Level 2.0 Spellcasting
   Level 2.0 Charms
 - Level 3.0 Summonings
   Level 1.0 Fire Magic


You had 5 spell levels left.
You knew the following spells:

 Your Spells              Type           Power        Failure   Level  Hunger
a - Call Imp              Summ           ##......     14%         2    ###....
b - Blink                 Tloc           N/A          41%         2    ###....

Your spell library contained the following spells:

 Spells                   Type           Power        Failure   Level  Hunger
 Magic Dart               Conj           #...         30%         1    #......
 Conjure Flame            Conj/Fire      #.......     56%         3    ###....
 Slow                     Hex            #.......     41%         2    ###....
 Mephitic Cloud           Conj/Pois/Air  #.......     63%         3    ###....
 Summon Small Mammal      Summ           ##..         10%         1    #......
 Summon Ice Beast         Ice/Summ       #.......     82%         4    #####..
 Flame Tongue             Conj/Fire      #....        26%         1    #......
 Ignite Poison            Fire/Tmut/Pois #.......     58%         3    ###....
 Call Canine Familiar     Summ           ##......     26%         3    ###....
 Summon Lightning Spire   Summ/Air       #.......     82%         4    #####..
 Summon Guardian Golem    Hex/Summ       #.......     43%         3    ###....


Dungeon Overview and Level Annotations

Branches:
Dungeon (4/15)
 Temple: D:4-7

Altars:

Annotations:
D:2 Sigmund
D:3 exclusion: downstairs
D:4 Grinder, Ijyb


Innate Abilities, Weirdness & Mutations

You cannot wear most types of armour.
You are very stealthy in the water. (Stealth+)
You are amphibious.
You can wear up to eight rings at the same time.
You can use your tentacles to constrict eight enemies at once.
Your skin changes colour to match your surroundings (Stealth+).
Your rubbery body absorbs attacks. (AC +1, EV +1)
Your flesh is heat resistant. (rF+)
You occasionally shout uncontrollably at your foes.
Your muscles are strong. (Str +2)
Your spells are a little harder to cast, but a little more powerful.


Message History

The orc barely misses you. Grinder barely misses you.
You tentacle-slap the orc. Your grab misses the orc.
The orc is heavily wounded.
The orc barely misses you. Grinder gestures at you.
You suddenly lose the ability to move!
The orc hits you with a whip. Grinder barely misses you.
The orc hits you with a whip. Grinder hits you!
You writhe in agony.
The orc hits you but does no damage. Grinder gestures at you.
Pain shoots through your body! The orc completely misses you. Grinder hits you!
You writhe in agony.
* * * LOW HITPOINT WARNING * * *
The orc hits you with a whip. Grinder hits you!
* * * LOW HITPOINT WARNING * * *
You writhe in agony.
* * * LOW HITPOINT WARNING * * *
The orc hits you but does no damage. Grinder completely misses you.
The orc hits you with a whip.
You die...

#..###+###......#
......
#...............#
......
#...............#
......
#..........###+#.
......##...####.....
#
..............#.....
#
....................
..$.....o...........
.......@5...........
########†.....#.....
#......#.....
#......# ....
#......# ...
.......# .o.
#....#### #....#


You could see Grinder (inner flame) and an orc (inner flame).

Vanquished Creatures
  An ogre (D:4)
  An orc priest (D:3)
  2 orc wizards (D:4)
  A howler monkey zombie (D:2)
  5 gnolls
  3 adders (D:2)
  A shadow imp (D:3)
  An ooze (D:2)
  3 worms (D:3)
  A dart slug (D:1)
  2 leopard geckos
  8 orcs
  6 bats
  3 giant cockroaches
  4 goblins
  2 hobgoblins (D:3)
  6 jackals (D:4)
  3 quokkas (D:2)
  4 frilled lizards
  6 kobolds
  8 rats
71 creatures vanquished.

Vanquished Creatures (collateral kills)
  The ghost of busb the Magician, an amateur OpWn (D:3)
  A bullfrog skeleton (D:4)
  A giant cockroach (D:3)
3 creatures vanquished.

Grand Total: 74 creatures vanquished

Notes
Turn   | Place    | Note
-------+----------+-------------------------------------------
     0 | D:1      | DrEnzyme the Octopode Wanderer began the quest for the Orb.
     0 | D:1      | DrEnzyme set off with: a +0 club, a ration
     0 | D:1      | Reached XP level 1. HP: 11/11 MP: 3/3
   527 | D:1      | Reached XP level 2. HP: 14/18 MP: 5/5
   555 | D:1      | Reached skill level 1 in Fighting
   680 | D:1      | Reached skill level 1 in Unarmed Combat
   689 | D:1      | Reached skill level 1 in Dodging
  1200 | D:2      | Reached XP level 3. HP: 8/23 MP: 1/6
  1408 | D:2      | Learned a level 2 spell: Call Imp
  1411 | D:2      | Learned a level 2 spell: Blink
  2003 | D:2      | Reached XP level 4. HP: 18/29 MP: 5/7
  2320 | D:2      | Noticed Sigmund
  2705 | D:3      | Noticed busb's ghost (amateur OpWn)
  2837 | D:3      | Reached XP level 5. HP: 17/35 MP: 3/8
  3202 | D:3      | Killed busb's ghost
  3563 | D:3      | Reached XP level 6. HP: 34/42 MP: 7/9
  3788 | D:4      | Noticed Ijyb
  4070 | D:4      | Gained mutation: You occasionally shout uncontrollably at your foes. [potion of mutation]
  4070 | D:4      | Gained mutation: Your muscles are strong. (Str +2) [potion of mutation]
  4070 | D:4      | Gained mutation: Your spells are a little harder to cast, but a little more powerful. [potion of mutation]
  4070 | D:4      | Gained mutation: Your flesh is heat resistant. (rF+) [potion of mutation]
  4341 | D:4      | Noticed Grinder
  4343 | D:4      | Paralysed by Grinder for 7 turns
  4354 | D:4      | Paralysed by Grinder for 7 turns
  4359 | D:4      | HP: 1/43 [Grinder (2)]
  4361 | D:4      | Slain by an orc

Vault maps used:
D:1:      minmay_arrival_nine_rooms, serial_park_tiny_1
D:2:      minmay_tetromino_i4, uniq_sigmund
D:3:      minmay_misc_feat_enclosed, kennysheep_boxes
D:4:      kennysheep_little_box, temple_statues, grunt_decor_one_mirror,
          minmay_box_of_dots, uniq_grinder, uniq_ijyb

Skill      XL: |  1  2  3  4  5 |
---------------+----------------+-----
Fighting       | 1 2 3 |  3.7
Unarmed Combat | 1 2 3 |  3.8
Dodging        | 1 2 3 |  3.7
Throwing       | |  1.0
Stealth        | |  1.3
Spellcasting   | |  2.0
Charms         | |  2.0
Summonings     | |  3.0
Fire Magic     | |  1.0

Action                   |  1- 3 |  4- 6 || total
-------------------------+-------+-------++-------
Melee: Unarmed           |    67 |   116 ||   183
       Constrict         |    16 |    34 ||    50
       Tentacles         |     9 |    27 ||    36
       Punch             |       |     1 ||     1
Throw: Stone             |    12 |       ||    12
       Tomahawk          |     3 |       ||     3
 Cast: Call Imp          |       |     8 ||     8
  Use: Scroll            |     2 |     7 ||     9
       Potion            |       |     2 ||     2
 Stab: Sleeping          |    11 |     4 ||    15
       Distracted        |       |     1 ||     1
  Eat: Chunk             |     3 |     5 ||     8
       Ration            |       |     1 ||     1
Armor: Skin              |    10 |     2 ||    12
Dodge: Dodged            |    43 |    96 ||   139

Table legend:
 A = Spawn XP
 B = Non-spawn XP
 C = Spawn XP percentage of total XP
 D = Spawn monster count
 E = Non-spawn monster count
 F = Spawn count percentage of total count
 G = Total turns spent on level
                    A         B        C        D         E        F      G
               +---------+---------+-------+---------+---------+-------+---------
         Total |       0 |     612 |   0.0 |       0 |      74 |   0.0 |  4361
               +---------+---------+-------+---------+---------+-------+---------
           D:1 |       0 |      23 |   0.0 |       0 |      15 |   0.0 |   965
           D:2 |       0 |      95 |   0.0 |       0 |      18 |   0.0 |  1920
           D:3 |       0 |     215 |   0.0 |       0 |      23 |   0.0 |   923
           D:4 |       0 |     279 |   0.0 |       0 |      18 |   0.0 |   553
               +---------+---------+-------+---------+---------+-------+---------
